 Dungeon Crawl Stone Soup version 0.31-a0-640-g39d97e502b (webtiles) character file.

Game seed: 3303206512037002106

158 qw the Shooter (level 5, 0/32 HPs)
             Began as a Gargoyle Hunter on Aug 27, 2023.
             Slain by a hound (5 damage)
             ... on level 4 of the Dungeon.
             The game lasted 00:00:55 (2131 turns).

qw the Shooter (Gargoyle Hunter)                    Turns: 2131, Time: 00:00:56

Health: 0/32       AC: 13    Str: 17      XL:     5   Next: 40%
Magic:  5/5        EV: 11    Int: 10      God:
Gold:   145        SH:  0    Dex: 14 (15) Spells: 4/4 levels left

rFire   . . .        Y - +1 shortbow
rCold   . . .        (shield currently unavailable)
rNeg    + . .        f - +0 ring mail
rPois   inf          (no helmet)
rElec   +            (no cloak)
rCorr   .            (no gloves)
SInv    .            (no boots)
Will    +....        (no amulet)
Stlth   +            g - +4 ring of protection
HPRegen 0.25/turn    i - ring of Truth {Will+ Str+3}
MPRegen 0.09/turn

%: no passive effects
@: no status effects
A: sickness immunity, AC +4, negative energy resistance 1, electricity
resistance, torment resistance 1, petrification resistance
a: no special abilities


You were on level 4 of the Dungeon.
You visited 1 branch of the dungeon, and saw 4 of its levels.

You collected 145 gold pieces.


Innate Abilities, Weirdness & Mutations

You are immune to sickness and miasma.
Your stone body is resilient. (AC +4)
You are immune to poison.
You resist negative energy. (rN+)
You are resistant to electric shocks. (rElec)
You are resistant to unholy torment.
You are immune to petrification.


   Skills:
 + Level 3.0 Fighting
 - Level 6.0 Ranged Weapons
 - Level 1.1 Armour
 - Level 1.5 Dodging
 - Level 1.1 Stealth


You had 4 spell levels left.
You didn't know any spells.
Your spell library was empty.

Inventory:

Hand Weapons
 Y - a +1 shortbow (weapon)
Armour
 f - a +0 ring mail (worn)
Jewellery
 g - a +4 ring of protection (left hand)
 i - the ring of Truth (right hand) {Will+ Str+3}
   (You acquired it on level 3 of the Dungeon)

   [ring of willpower]

   Str+3:     It affects your strength (+3).
   Will+:     It increases your willpower.
Scrolls
 a - a scroll of identify
Potions
 b - a potion of might
 c - a potion of cancellation
 d - 2 potions of curing
 e - a potion of resistance {unknown}
 h - a potion of berserk rage {unknown}

Dungeon Overview and Level Annotations

Branches:
Dungeon (4/15)
 Temple: D:4-7

Altars:

Annotations:
D:4 Eustachio


Message History

The quasit closely misses you.
You shoot an arrow. The arrow barely misses the quasit.
The arrow barely misses the iguana.
The ufetubus closely misses you.
The ufetubus hits you but does no damage.
The hound bites you but does no damage. The ufetubus closely misses you.
The ufetubus barely misses you.
The ufetubus hits you but does no damage.
The ufetubus hits you. The quasit barely misses you.
The quasit claws you but does no damage.
The quasit barely misses you. The hound closely misses you.
You shoot an arrow. The arrow hits the quasit.
The quasit is moderately wounded.
The ufetubus barely misses you.
The ufetubus hits you but does no damage. x3
The hound barely misses you.
The quasit bites you but does no damage.
The quasit claws you.
You feel clumsy.
The quasit claws you but does no damage.
Eustachio mumbles some strange words.
Eustachio blinks!
The ufetubus hits you but does no damage.
The ufetubus barely misses you. The hound bites you but does no damage.
The quasit bites you but does no damage.
The quasit claws you but does no damage. x2
You shoot an arrow. The arrow hits the quasit.
The quasit is heavily wounded.
The ufetubus barely misses you.
The ufetubus hits you but does no damage.
Eustachio casts a spell.
Eustachio blinks!
The hound bites you but does no damage.
The quasit bites you but does no damage.
The quasit claws you but does no damage. x2
The ufetubus misses you. The ufetubus hits you.
You shoot an arrow. The arrow barely misses the quasit.
The arrow hits the ufetubus.
The ufetubus is lightly wounded.
The hound bites you.
You die...

.... .....
..... ......
..... ......
...>#####......
....>...!.....#
#..........#
#..<.....$#
#.l.......#
#@55......#
#5h.......#
#@........#
#.........#
#....!....#
#####.###.# .#
#


You could see Eustachio, an iguana, a hound, a quasit (summoned) and 2 ufetubi.

Vanquished Creatures
  A hound (D:3)
  5 adders
  A worm (D:2)
  A dart slug (D:1)
  5 orcs
  6 bats
  8 endoplasms
  4 giant cockroaches (D:1)
  11 hobgoblins
  4 jackals (D:3)
  7 kobolds
  A quokka (D:2)
  2 frilled lizards
  4 goblins
  7 rats
67 creatures vanquished.

Notes
Turn   | Place    | Note
-------+----------+-------------------------------------------
     0 | D:1      | qw the Gargoyle Hunter began the quest for the Orb.
     0 | D:1      | Reached XP level 1. HP: 12/12 MP: 1/1
     0 | D:1      | 0 ||| qw: Version: 0.3-a-74-g0d5e918
     0 | D:1      | 0 ||| qw: Game counter: 50
     0 | D:1      | 0 ||| qw: Melee chars always use a shield: true
     0 | D:1      | 0 ||| qw: God list: Okawaru
     0 | D:1      | 0 ||| qw: Allow faded altars: false
     0 | D:1      | 0 ||| qw: Do Orc after clearing Dungeon:15 true
     0 | D:1      | 0 ||| qw: Do second Lair branch before Depths: true
     0 | D:1      | 0 ||| qw: Lair rune preference: random
     0 | D:1      | 0 ||| qw: Goals: Normal
     0 | D:1      | 0 ||| PLANNING D:1-11
    73 | D:1      | Reached XP level 2. HP: 17/17 MP: 2/2
   128 | D:1      | 128 ||| DROPPING scroll of butterflies.
   322 | D:1      | Reached XP level 3. HP: 19/21 MP: 3/3
   325 | D:1      | Reached skill level 5 in Ranged Weapons
   656 | D:1      | 656 ||| READING scroll labelled REGHYCR EDITOV.
   657 | D:1      | 657 ||| READING scroll labelled IXZIOM GOAQE.
   658 | D:1      | 658 ||| READING scroll labelled ZYOQANIOFI.
   659 | D:1      | 659 ||| DRINKING 2 glowing pink potions.
   683 | D:1      | 683 ||| DROPPING potion of lignification.
   875 | D:2      | Reached skill level 3 in Fighting
  1041 | D:2      | 1041 ||| RETREATING.
  1044 | D:2      | 1044 ||| Stepping ~*~*~tactically~*~*~ (retreating).
  1047 | D:2      | Reached XP level 4. HP: 28/28 MP: 4/4
  1431 | D:2      | 1431 ||| UPGRADING to +4 ring of protection.
  1432 | D:2      | 1432 ||| READING 3 scrolls labelled ICRUMI OZEOQ.
  1433 | D:2      | 1433 ||| READING 2 scrolls labelled MUMIUMUIRA.
  1434 | D:2      | 1434 ||| READING scroll labelled VERUAH SUGEWNE.
  1435 | D:2      | 1435 ||| DRINKING 2 coppery potions.
  1436 | D:2      | 1436 ||| READING 2 scrolls of identify.
  1436 | D:2      | 1436 ||| IDENTIFYING inky potion
  1437 | D:2      | 1437 ||| DROPPING scroll of noise.
  1470 | D:3      | 1470 ||| STAIRDANCE
  1475 | D:2      | 1475 ||| UPGRADING to +0 ring mail.
  1485 | D:2      | 1485 ||| DROPPING +0 leather armour.
  1496 | D:3      | 1496 ||| STAIRDANCE
  1595 | D:3      | Reached skill level 1 in Armour
  1679 | D:3      | Reached XP level 5. HP: 31/32 MP: 5/5
  1736 | D:3      | Reached skill level 6 in Ranged Weapons
  1757 | D:3      | Found a faded altar of an unknown god.
  2086 | D:3      | 2086 ||| READING scroll labelled ZEEC XELITAF GIM.
  2086 | D:3      | Identified a scroll of acquirement
  2086 | D:3      | 2086 ||| ACQUIRING ring of Truth {Will+ Str+3}
  2086 | D:3      | Acquired the ring of Truth {Will+ Str+3}
  2088 | D:3      | 2088 ||| UPGRADING to ring of Truth {Will+ Str+3}.
  2089 | D:3      | 2089 ||| READING scroll labelled DOUHEHY UREDGH.
  2093 | D:3      | 2093 ||| READING 2 scrolls of identify.
  2093 | D:3      | 2093 ||| IDENTIFYING smoky pink potion
  2118 | D:4      | Noticed Eustachio
  2120 | D:4      | 2120 ||| Stepping ~*~*~tactically~*~*~ (retreating).
  2121 | D:4      | 2121 ||| Stepping ~*~*~tactically~*~*~ (retreating).
  2129 | D:4      | HP: 8/32 [quasit[Eustachio] (2)]
  2131 | D:4      | Slain by a hound

Levels and vault maps discovered:
D:1:      minmay_arrival_stone_box, layout_basic
D:2:      layout_basic, chequers_avenue
D:3:      layout_loops_ring, hellmonk_ecumenical_altar_blasted
D:4:      layout_rooms, mainiacjoe_overflow_alcove_2,
          hellmonk_ghost_happy_afterlife, uniq_eustachio

Skill      XL: |  1  2  3  4  5 |
---------------+----------------+-----
Ranged Weapons | 5 6 |  6.0
Fighting       | 3 |  3.0
Armour         | 1 |  1.1
Dodging        | |  1.5
Stealth        | |  1.1

Action                     |  1- 3 |  4- 6 || total
---------------------------+-------+-------++-------
   Fire: Shortbow          |    95 |   112 ||   207
    Use: Scroll            |     3 |     7 ||    10
         Potion            |     1 |     1 ||     2
 Armour: Leather armour    |    15 |     4 ||    19
         Ring mail         |       |    69 ||    69
  Dodge: Dodged            |    22 |    82 ||   104

Table legend:
 A = Non-vault XP
 B = Vault XP
 C = Vault XP percentage of total XP
 D = Non-vault monster count
 E = Vault monster count
 F = Vault count percentage of total count
                 A         B        C        D         E       F
            +---------+---------+-------+---------+---------+-------
      Total |     227 |       0 |   0.0 |      67 |       0 |   0.0
            +---------+---------+-------+---------+---------+-------
        D:1 |      45 |       0 |   0.0 |      24 |       0 |   0.0
        D:2 |      73 |       0 |   0.0 |      19 |       0 |   0.0
        D:3 |     109 |       0 |   0.0 |      24 |       0 |   0.0
            +---------+---------+-------+---------+---------+-------
